 Dungeon Crawl Stone Soup version 0.29.1-15-g9cfb28693d (webtiles) character file.

Game seed: 12225469359219459140

1 Descartes the Chiller (level 1, -1/12 HPs)
             Began as a Deep Elf Wanderer on Apr 22, 2023.
             Slain by an adder (3 damage)
             ... on level 2 of the Dungeon.
             The game lasted 00:01:09 (110 turns).

Descartes the Chiller (Deep Elf Wanderer)            Turns: 110, Time: 00:01:10

Health: -1/12      AC:  2    Str:  9    XL:     1   Next: 16%
Magic:  2/6        EV: 11    Int: 19    God:
Gold:   14         SH:  3    Dex: 11    Spells: 4/6 levels left

rFire   . . .      SeeInvis .   a - +0 dagger
rCold   . . .      Faith    .   d - +0 buckler
rNeg    . . .      Spirit   .   c - +0 robe
rPois   .          Reflect  .   (no helmet)
rElec   .          Harm     .   (no cloak)
rCorr   .          Rampage  .   (no gloves)
Will    .....                   (no boots)
Stlth   +.........              (no amulet)
HPRegen 0.04/turn               (no ring)
MPRegen 0.10/turn               (no ring)

@: lethally poisoned (-1 -> -5), very slightly contaminated
A: no striking features
a: no special abilities


You were on level 2 of the Dungeon.
You visited 1 branch of the dungeon, and saw 2 of its levels.

You collected 14 gold pieces.

Inventory:

Hand Weapons
 a - a +0 dagger (weapon)
Missiles
 g - 7 poisoned darts (quivered)
Armour
 c - a +0 robe (worn)
 d - a +0 buckler (worn)
Scrolls
 b - a scroll of blinking
 f - a scroll of noise {unknown}
 h - a scroll of identify {unknown}
Potions
 e - a potion of brilliance {unknown}


   Skills:
 - Level 1.0 Fighting
 - Level 1.2 Dodging
 - Level 1.0 Shields
 + Level 3.0 Spellcasting
 + Level 5.5 Ice Magic
 + Level 0.1 Earth Magic


You had 4 spell levels left.
You knew the following spells:

 Your Spells              Type           Power      Damage    Failure   Level
a - Freeze                Ice            92%        1d10      2%          1
b - Sandblast             Erth           6%         2d5       21%         1

Your spell library contained the following spells:

 Spells                   Type           Power      Damage    Failure   Level
 Frozen Ramparts          Ice            46%        1d7       6%          3
 Stone Arrow              Conj/Erth      6%         3d7       52%         3
 Hailstorm                Conj/Ice       13%        3d5       54%         4


Dungeon Overview and Level Annotations

Branches:
Dungeon (1/15)

Altars:

Annotations:
D:2 Jessica


Message History

Pain shoots through your body!
Cast which spell? (? or * to list)
You can't see any susceptible monsters within range! (Use Z to cast anyway.) Cast which spell? (? or * to list)
Aiming: Sandblast (safe; 21% risk of failure)
Press: ? - help, Shift-Dir - straight line, f - quokka
Aim: a quokka (73% to hit)
The blast of sand hits the quokka.
You kill the quokka!
The adder hisses angrily.
Casting: Sandblast (safe; 21% risk of failure)
Confirm with . or Enter, or press ? or * to list all spells.
Aiming: Sandblast (safe; 21% risk of failure)
Press: ? - help, Shift-Dir - straight line, f - adder
Aim: an adder (68% to hit)
You miscast Sandblast.
You are very lightly contaminated with residual magic.
Nothing appears to happen.
Jessica gestures wildly while chanting.
Jessica blinks!
Casting: Sandblast (safe; 21% risk of failure)
Confirm with . or Enter, or press ? or * to list all spells.
Aiming: Sandblast (safe; 21% risk of failure)
Press: ? - help, Shift-Dir - straight line, f/p - adder
Aim: an adder (68% to hit)
The blast of sand hits the adder.
The adder is heavily wounded.
The adder barely misses you. The adder bites you.
You are lethally poisoned!
The adder poisons you!
Casting: Sandblast (safe; 21% risk of failure)
Confirm with . or Enter, or press ? or * to list all spells.
Aiming: Freeze (safe; 2% risk of failure)
Press: ? - help, Shift-Dir - straight line, f/p - adder
Aim: an adder (heavily wounded)
You freeze the adder.
The adder is almost dead.
* * * LOW HITPOINT WARNING * * *
You feel sick. The adder bites you.
You die...

##...# #.###
##.## #...#
#...# #...#
#...#
######...#####
#...@.@.......
.......S.......
##.....†.......
######...#####
#...# #...#
#...# #...#


You could see an adder and Jessica.

Vanquished Creatures
  A quokka (D:2)
1 creature vanquished.

Notes
Turn   | Place    | Note
-------+----------+-------------------------------------------
     0 | D:1      | Descartes the Deep Elf Wanderer began the quest for the
                  | Orb.
     0 | D:1      | Descartes set off with the following items: a +0 dagger, a
                  | scroll of blinking, a +0 robe, a +0 buckler; and the
                  | following spells available to memorise: Freeze, Frozen
                  | Ramparts, Sandblast, Stone Arrow, Hailstorm.
     0 | D:1      | Reached XP level 1. HP: 12/12 MP: 6/6
     2 | D:1      | Learned a level 1 spell: Freeze
     4 | D:1      | Learned a level 1 spell: Sandblast
    82 | D:1      | You fall into a shaft and drop 1 floor!
   105 | D:2      | Noticed Jessica
   110 | D:2      | Slain by an adder

Illustrated notes

Levels and vault maps discovered:
D:1:      dpeg_arrival_simpleton_a, layout_loops_ring,
          shapermc_ecumenical_altar_venn
D:2:      layout_loops_cross, kennysheep_doodads, uniq_jessica, uniq_terence

Action                   || total
-------------------------++-------
 Cast: Sandblast         ||     2
       Freeze            ||     1
Dodge: Dodged            ||     1
